 Dungeon Crawl Stone Soup version 0.28.0-62-gf88900778d (webtiles) character file.

Game seed: 11724232162856943296

1099 Coron the Skirmisher (level 8, 0/76 HPs)
             Began as a Deep Dwarf Conjurer on Mar 25, 2023.
             Was an Initiate of Ashenzari.
             Slain by a killer bee (5 damage)
             ... on level 6 of the Dungeon.
             The game lasted 00:22:17 (5270 turns).

Coron the Skirmisher (Deep Dwarf Conjurer)          Turns: 5270, Time: 00:22:18

Health: 0/76       AC:  9    Str: 12    XL:     8   Next: 10%
Magic:  1/9        EV: 11    Int: 20    God:    Ashenzari [......]
Gold:   239        SH:  0    Dex: 11    Spells: 8/11 levels left

rFire   . . .      SeeInvis .   h - +2 dagger (venom)
rCold   . . .      Faith    .   (no shield)
rNeg    . . .      Spirit   .   d - +0 ring mail
rPois   +          Reflect  .   o - +2 hat of Ashenzari's Urgency {Fort, Alch} (curse)
rElec   .          Harm     .   B - +0 cloak
rCorr   .          Rampage  .   (no gloves)
Will    +....                   (no boots)
Stlth   +.........              (no amulet)
HPRegen 0.00/turn               x - ring of poison resistance
MPRegen 0.11/turn               (no ring)

@: lethally poisoned (0 -> 0)
A: damage resistance, heal wounds, sense surroundings 1, no regeneration
a: Heal Wounds, Renounce Religion, Curse Item, Shatter the Chains


You were on level 6 of the Dungeon.
You worshipped Ashenzari.
Ashenzari was noncommittal.
You visited 2 branches of the dungeon, and saw 7 of its levels.

You collected 239 gold pieces.

Inventory:

Hand Weapons
 g - a +0 war axe
 h - a +2 dagger of venom (weapon)
Missiles
 j - 6 curare-tipped darts
 u - a throwing net
 y - 2 javelins
Armour
 d - a +0 ring mail (worn)
 l - a +1 plate armour
 o - the cursed +2 hat of Ashenzari's Urgency (worn) {Fort, Alch}
   (You found it on level 3 of the Dungeon)

   It has a curse which improves the following skills: Fortitude: Armour and
   Shields.
   Alchemy:   Poison Magic and Transmutations.
 B - a +0 cloak (worn)
Magical Staves
 q - a staff of earth
Jewellery
 x - a ring of poison resistance (left hand)
 A - a +6 ring of strength
Wands
 f - a wand of charming (12)
 z - a wand of iceblast (11)
Scrolls
 a - a scroll of amnesia {unknown}
 b - a scroll of summoning {unknown}
 c - a scroll of magic mapping {unknown}
 i - a scroll of vulnerability {unknown}
 r - a scroll of teleportation {unknown}
 s - a scroll of torment {unknown}
 t - 4 scrolls of fog
 v - a scroll of fear
 w - 4 scrolls of enchant armour
Potions
 e - 2 potions of heal wounds
 k - a potion of might {unknown}
 m - 2 potions of mutation
 n - 4 potions of attraction
 p - a potion of brilliance {unknown}


   Skills:
 + Level 6.1 Fighting
 - Level 1.0 Short Blades
 - Level 5.9(6.3) Armour
 - Level 3.0 Dodging
 - Level 3.0 Stealth
 - Level 2.0 Spellcasting
 - Level 4.0 Conjurations


You had 8 spell levels left.
You knew the following spells:

 Your Spells              Type           Power      Damage    Failure   Level
a - Magic Dart            Conj           72%        1d6       6%          1
b - Searing Ray           Conj           36%        2d5       10%         2

Your spell library contained the following spells:

 Spells                   Type           Power      Damage    Failure   Level
 Foxfire                  Conj/Fire      40%        2x1d6     14%         1
 Shock                    Conj/Air       40%        1d5       14%         1
 Conjure Flame            Conj/Fire      10%        6-21      38%         3
 Dazzling Flash           Conj/Hex       20%        N/A       38%         3
 Corpse Rot               Necr/Air       4%         N/A       43%         2
 Inner Flame              Hex/Fire       2%         N/A       67%         3
 Lesser Beckoning         Tloc           2%         N/A       67%         3
 Portal Projectile        Hex/Tloc       4%         N/A       67%         3
 Flame Wave               Conj/Fire      10%        2d5       80%         4
 Fulminant Prism          Conj/Hex       5%         3d7       80%         4
 Iskenderun's Mystic Bla  Conj/Tloc      10%        2d4       80%         4
 Fireball                 Conj/Fire      5%         3d5       98%         5
 Freezing Cloud           Conj/Ice/Air   3%         6-21      99%         5
 Blade Hands              Tmut           1%         N/A       100%        5
 Excruciating Wounds      Necr           1%         N/A       100%        5
 Manifold Assault         Tloc           2%         N/A       100%        5
 Dispersal                Tloc           1%         N/A       100%        6
 Starburst                Conj/Fire      5%         6d4       100%        6
 Ignition                 Fire           1%         3d3       100%        8


Dungeon Overview and Level Annotations

Branches:
Dungeon (6/15)             Temple (1/1) D:4

Altars:
Ashenzari
Cheibriados
Elyvilon
Kikubaaqudgha
Nemelex Xobeh
Qazlal
Uskayaw
Vehumet
Wu Jian
The Shining One


Innate Abilities, Weirdness & Mutations

You are resistant to damage.
You can heal yourself by infusing magical energy.
You passively map a small area around you.
You do not regenerate.


Message History

You need to enable at least one skill for training.
You have reached level 8!
You feel clever.
You barely miss the killer bee.
The killer bee is heavily wounded.
The killer bee stings you but does no damage.
The killer bee barely misses you.
You closely miss the killer bee.
The killer bee is heavily wounded.
The killer bee stings you but does no damage.
The killer bee closely misses you.
You hit the killer bee.
The killer bee is poisoned.
The killer bee is severely wounded.
The killer bee stings you but does no damage.
The killer bee completely misses you. The killer bee misses you.
You kill the killer bee!
You miss the killer bee. The killer bee barely misses you.
You barely miss the killer bee.
The killer bee stings you but does no damage.
The killer bee misses you.
You hit the killer bee.
The killer bee is poisoned.
Your punch misses the killer bee.
The killer bee is lightly wounded.
The killer bee stings you!
* * * LOW HITPOINT WARNING * * *
The killer bee stings you.
* * * LOW HITPOINT WARNING * * *
You miss the killer bee.
The killer bee is moderately wounded.
The killer bee barely misses you. The killer bee stings you!
* * * LOW HITPOINT WARNING * * *
You are poisoned.
The killer bee poisons you!
Unknown command.
The killer bee stings you.
You are more poisoned.
The killer bee poisons you! The killer bee stings you.
You die...

### ######.# #############
#(...... ...†.†....y.#
#.####.# ###########@# #.#
#.# #.# #.# #.# #.#
#####+####.# #.#
#.......##.# #.#
#.......##.# * ########.#
#...)...##.#
....<....#####...!...##.#
,
,................^........
*######..#####.###.#.####


You could see a killer bee (very poisoned).

Vanquished Creatures
  A centaur (D:5)
  3 ogres
  A phantom (D:4)
  A scorpion (D:5)
  4 killer bees (D:6)
  2 howler monkeys
  A centaur zombie (D:6)
  A hound (D:4)
  2 bullfrog skeletons
  2 iguanas
  8 gnolls
  5 adders
  2 adder skeletons (D:4)
  A dart slug (D:1)
  7 orcs
  6 endoplasms
  4 giant cockroaches
  7 goblins
  7 hobgoblins
  3 jackals (D:3)
  2 quokkas
  7 ball pythons
  2 bats (D:1)
  A frilled lizard (D:1)
  9 kobolds
  4 rats
93 creatures vanquished.

Notes
Turn   | Place    | Note
-------+----------+-------------------------------------------
     0 | D:1      | Coron the Deep Dwarf Conjurer began the quest for the Orb.
     0 | D:1      | Reached XP level 1. HP: 15/15 MP: 3/3
   345 | D:1      | Reached XP level 2. HP: 22/22 MP: 1/4
  1035 | D:2      | Reached XP level 3. HP: 28/30 MP: 2/6
  1278 | D:2      | Found a faded altar of an unknown god.
  1286 | D:2      | Prayed at the altar of an unknown god.
  1286 | D:2      | Became a worshipper of Ashenzari the Shackled
  1400 | D:2      | Reached skill level 1 in Fighting
  1596 | D:3      | Found a hide-covered altar of Uskayaw.
  1719 | D:3      | Reached XP level 4. HP: 25/39 MP: 7/7
  1727 | D:3      | Reached skill level 2 in Fighting
  1738 | D:3      | Reached skill level 1 in Armour
  1790 | D:3      | Learned a level 2 spell: Searing Ray
  2420 | D:4      | Reached XP level 5. HP: 29/45 MP: 2/8
  2518 | D:4      | Noticed a phantom
  2573 | D:4      | Killed a phantom
  2574 | D:4      | Reached skill level 1 in Short Blades
  2698 | D:4      | Noticed an ogre
  2893 | D:4      | Found an ornate altar of the Wu Jian Council.
  2966 | D:4      | Noticed an ogre
  3007 | D:4      | Killed an ogre
  3008 | D:4      | Reached skill level 3 in Fighting
  3008 | D:4      | Reached XP level 6. HP: 56/56 MP: 0/8
  3138 | D:4      | Found a staircase to the Ecumenical Temple.
  3153 | Temple   | Entered the Ecumenical Temple
  3798 | D:4      | Reached skill level 4 in Fighting
  3883 | D:4      | Reached XP level 7. HP: 58/64 MP: 2/9
  3954 | D:5      | Entered Level 5 of the Dungeon
  4233 | D:5      | Got the Compendium of Orientation
  4345 | D:5      | Reached skill level 5 in Fighting
  4942 | D:6      | Reached skill level 6 in Fighting
  5019 | D:6      | Got the Catalogue of Weightlessness
  5084 | D:6      | Reached skill level 5 in Armour
  5260 | D:6      | Reached XP level 8. HP: 22/76 MP: 0/9
  5270 | D:6      | Slain by a killer bee

Illustrated notes

Levels and vault maps discovered:
D:1:      saegor_arrival_simple_e, layout_rooms, amethyst_killhole
D:2:      layout_rooms, serial_forest, infiniplex_forest_end_1,
          infiniplex_forest_clump_tiny, infiniplex_forest_corner_2,
          infiniplex_forest_clump_cross, infiniplex_forest_lined_4_way,
          infiniplex_forest_corner_2, infiniplex_forest_end_1,
          shapermc_ecumenical_altar_starsandcircs
D:3:      layout_rooms, mainiacjoe_overflow_surrounded_room
D:4:      layout_loops_corners, lemuel_crystal_altar,
          minmay_temple_entry_sparse_star, minmay_fractal_squares_5
D:5:      layout_loops_corners
D:6:      layout_basic
Temple:   regret_index_temple_mists

Skill      XL: |  1  2  3  4  5  6  7 |
---------------+----------------------+-----
Spellcasting   | 2 |  2.0
Stealth        | 3 |  3.0
Conjurations   | 4 |  4.0
Fighting       | 1 2 3 4 6 |  6.1
Dodging        | 3 |  3.0
Armour         | 3 4 5 |  5.9
Short Blades   | 1 |  1.0

Action                   |  1- 3 |  4- 6 |  7- 9 || total
-------------------------+-------+-------+-------++-------
Melee: Short sword       |    12 |       |       ||    12
       Dagger            |    15 |    44 |    32 ||    91
       Punch             |     1 |       |       ||     1
 Cast: Magic Dart        |    62 |    32 |       ||    94
       Searing Ray       |       |    15 |     8 ||    23
Invok: Curse Item        |       |     1 |       ||     1
 Abil: Heal Wounds       |       |     1 |     2 ||     3
  Use: Scroll            |       |     4 |     4 ||     8
 Stab: Sleeping          |     1 |       |     1 ||     2
Armor: Robe              |     3 |       |       ||     3
       Ring mail         |     7 |    27 |    19 ||    53
Dodge: Dodged            |    29 |    42 |    37 ||   108
